 Dungeon Crawl Stone Soup version 0.28-b1-25-g9875b3fc8c (webtiles) character file.

Game seed: 8132984900976095293

44 crazypyro the Chopper (level 3, 0/31 HPs)
             Began as a Minotaur Fighter on Jan 31, 2022.
             Slain by a hobgoblin (2 damage)
             ... led by Robin
             ... on level 2 of the Dungeon.
             The game lasted 00:00:55 (1073 turns).

crazypyro the Chopper (Minotaur Fighter)            Turns: 1073, Time: 00:00:56

Health: 0/31       AC:  6    Str: 22    XL:     3   Next: 41%
Magic:  2/2        EV:  9    Int:  5    God:
Gold:   51         SH:  4    Dex:  9    Spells: 2/2 levels left

rFire   . . .      SeeInvis .   a - +0 war axe
rCold   . . .      Faith    .   c - +0 buckler
rNeg    . . .      Spirit   .   b - +0 scale mail
rPois   .          Reflect  .   (helmet restricted)
rElec   .          Harm     .   (no cloak)
rCorr   .          Rampage  .   (no gloves)
Will    .....                   (no boots)
Stlth   ..........              (no amulet)
HPRegen 0.10/turn               (no ring)
MPRegen 0.08/turn               (no ring)

@: no status effects
A: horns 2, retaliatory headbutt
a: no special abilities


You were on level 2 of the Dungeon.
You visited 1 branch of the dungeon, and saw 2 of its levels.

You collected 51 gold pieces.

Inventory:

Hand Weapons
 a - a +0 war axe (weapon)
Armour
 b - a +0 scale mail (worn)
 c - a +0 buckler (worn)
Jewellery
 e - a ring of see invisible
Scrolls
 f - 2 scrolls of identify {unknown}
 g - a scroll of enchant armour {unknown}
Potions
 d - a potion of might
 h - a potion of flight {unknown}


   Skills:
 - Level 3.6 Fighting
 * Level 4.7 Axes
 - Level 3.6 Armour
 - Level 3.6 Shields


You had 2 spell levels left.
You didn't know any spells.
Your spell library was empty.

Dungeon Overview and Level Annotations

Branches:
Dungeon (2/15)

Altars:

Annotations:
D:2 Robin


Innate Abilities, Weirdness & Mutations

You have a pair of horns on your head.
You reflexively headbutt those who attack you in melee.


Message History

You hit the goblin.
You kill the goblin!
You hit the dart slug.
Robin roars a battlecry!
The goblins go into a battle-frenzy!
The goblin barely misses you.
You slash the dart slug!
You kill the dart slug!
You closely miss the goblin. You barely miss the goblin.
Robin throws the goblin at you! The goblin hits you with a +0 club.
The goblin closely misses you. The goblin hits you but does no damage.
The goblin hits you with a +0 club. The goblin barely misses you.
You are too injured to fight recklessly!
Unknown command.
You are too injured to fight recklessly!
You are too injured to fight recklessly!
You hit the goblin.
You kill the goblin!
You closely miss the goblin. You barely miss the goblin. The goblin misses you.
The goblin hits you but does no damage.
You hit the hobgoblin. You headbutt the hobgoblin.
You kill the hobgoblin!
You hit the goblin. You barely miss the goblin.
The goblin hits you with a +0 dagger. The goblin closely misses you.
You block the goblin's attack.
You barely miss the hobgoblin. Your headbutt misses the hobgoblin.
You slash the goblin!
You kill the goblin!
You slash the goblin!
You kill the goblin!
The hobgoblin hits you.
* * * LOW HITPOINT WARNING * * *
The hobgoblin hits you.
* * * LOW HITPOINT WARNING * * *
You hit the hobgoblin but do no damage. You headbutt the hobgoblin.
The hobgoblin is severely wounded.
You barely miss Robin. Robin hits you with a +0 falchion.
* * * LOW HITPOINT WARNING * * *
The hobgoblin hits you.
You die...

.... #...
...# ##..##
....# #...#
..
#...##....
#)gg..<...
###@###.gg.
#.)†# .
#.#<# #...#
##.## #. >.
##. #.


You could see Robin and a hobgoblin (strong).

Vanquished Creatures
  An adder (D:2)
  A dart slug (D:2)
  A ball python (D:1)
  2 endoplasms (D:1)
  11 goblins
  2 hobgoblins (D:2)
  4 jackals (D:2)
  A quokka (D:1)
  2 bats (D:1)
  A frilled lizard (D:1)
  3 rats
29 creatures vanquished.

Notes
Turn   | Place    | Note
-------+----------+-------------------------------------------
     0 | D:1      | crazypyro the Minotaur Fighter began the quest for the Orb.
     0 | D:1      | Reached XP level 1. HP: 19/19 MP: 0/0
   113 | D:1      | Reached skill level 3 in Axes
   342 | D:1      | Reached XP level 2. HP: 12/26 MP: 1/1
   921 | D:1      | Found a faded altar of an unknown god.
  1052 | D:2      | Identified the +1 helmet of the Several Seers {+Blink
                  | Regen+}
  1052 | D:2      | Noticed Robin
  1064 | D:2      | Reached skill level 4 in Axes
  1066 | D:2      | Reached XP level 3. HP: 27/31 MP: 2/2
  1073 | D:2      | Slain by a hobgoblin

Illustrated notes

Levels and vault maps discovered:
D:1:      minmay_arrival_wavy_path, layout_basic,
          chequers_ecumenical_altar_island, amcnicky_mini_pool_small,
          minmay_fountain_box, chequers_mini_garden
D:2:      layout_loops_cross, serial_shops, nicolae_lakefront_shop,
          nicolae_diamond_shop, minmay_misc_feat_five, minmay_pentomino_z4,
          uniq_crazy_yiuf_cottage, uniq_robin

Skill      XL: |  1  2 |
---------------+-------+-----
Axes           | 3 4 |  4.7
Fighting       | |  3.6
Armour         | |  3.6
Shields        | |  3.6

Action                   || total
-------------------------++-------
Melee: War axe           ||    46
       Headbutt          ||     7
Armor: Scale mail        ||    30
Dodge: Dodged            ||    26
Block: Buckler           ||    16
